 Dungeon Crawl Stone Soup version 0.31.0-32-g396128a36d (webtiles) character file.

Game seed: 10222364384501940042

10228 Tovical the Basher (level 11, 0/68 HPs)
             Began as a Gargoyle Fighter on Mar 17, 2024.
             Was a High Priest of Zin.
             Slain by a manticore (7 damage)
             ... on level 10 of the Dungeon.
             The game lasted 00:38:21 (9408 turns).

Tovical the Basher (Gargoyle Fighter)               Turns: 9408, Time: 00:38:21

Health: 0/68       AC: 17    Str: 25    XL:     11   Next: 58%
Magic:  0/16       EV: 12    Int: 12    God:    Zin [*****.]
Gold:   261        SH:  8    Dex: 11    Spells: 10/10 levels left

rFire   . . .        a - +2 flail
rCold   . . .        e - +0 kite shield
rNeg    + . .        p - +2 chain mail "Ahiawn" {rElec}
rPois   ∞            g - +1 helmet
rElec   +            s - +0 cloak {Will+}
rCorr   .            (no gloves)
SInv    .            B - +0 pair of boots
Will    +....        A - amulet of guardian spirit Stlth
                     o - +5 ring of evasion
HPRegen 0.31/turn    (no ring)
MPRegen 0.15/turn

%: guardian spirit
@: vitalised, corroded
A: sickness immunity, AC +8, negative energy resistance 1, electricity
resistance, torment resistance 1, petrification resistance
a: Renounce Religion, Recite, Vitalisation, Imprison, Sanctuary, Donate Gold


You were on level 10 of the Dungeon.
You worshipped Zin.
Zin was extremely pleased with you.
You visited 2 branches of the dungeon, and saw 11 of its levels.

You collected 505 gold pieces.
You spent 195 gold pieces at shops.
You donated 49 gold pieces to Zin.

Inventory:

Hand Weapons
 a - a +2 flail (weapon)
 i - a +4 war axe of freezing
 l - a +2 dagger of venom
Missiles
 f - a throwing net
 j - 57 poisoned darts (quivered)
 r - 7 curare-tipped darts
Armour
 c - a +0 troll leather armour
 e - a +0 kite shield (worn)
 g - a +1 helmet (worn)
 p - the +2 chain mail "Ahiawn" (worn) {rElec}
   (You found it on level 3 of the Dungeon)

   rElec:     It insulates you from electricity.
 s - a +0 cloak of willpower (worn)
 z - a +0 leather armour of fire resistance
 B - a +0 pair of boots (worn)
Jewellery
 o - a +5 ring of evasion (left hand)
 A - an amulet of guardian spirit (around neck)
Wands
 d - a wand of mindburst (9)
 y - a wand of quicksilver (11)
Scrolls
 n - 2 scrolls of amnesia
 q - a scroll of revelation
 u - a scroll of teleportation
 w - a scroll of vulnerability
 x - a scroll of poison
Potions
 b - a potion of resistance {unknown}
 h - 3 potions of enlightenment
 k - 3 potions of mutation
 t - 2 potions of ambrosia
 v - a potion of cancellation {unknown}


   Skills:
 + Level 8.1 Fighting
 - Level 14.0 Maces & Flails
 + Level 7.8 Armour
 - Level 3.3 Shields
 + Level 6.9 Invocations


You had 10 spell levels left.
You didn't know any spells.
Your spell library contained the following spells:

 Spells                   Type           Power      Damage    Failure   Level
 Freeze                   Ice            0%         1d3       97%         1
 Magic Dart               Conj           0%         1d3       97%         1
 Blink                    Tloc           0%         N/A       99%         2
 Call Imp                 Summ           0%         N/A       99%         2
 Frozen Ramparts          Ice            0%         1d1       100%        3
 Hailstorm                Conj/Ice       0%         3d5       100%        3


Dungeon Overview and Level Annotations

Branches:
Dungeon (10/15)            Temple (1/1) D:5
   Lair: D:8-11         Orc: D:9-12

Altars:
Ashenzari
Cheibriados
Dithmenos
Elyvilon
Fedhas
Gozag
Kikubaaqudgha
Nemelex Xobeh
Okawaru
Qazlal
Ru
Sif Muna
Trog
Uskayaw
Vehumet
Wu Jian
Xom
Yredelemnul
Zin
The Shining One

Shops:
D:1 =   D:4 [

Annotations:
D:5 Pikel


Innate Abilities, Weirdness & Mutations

You are immune to sickness and miasma.
Your stone body is resilient. (AC +8)
You are immune to poison.
You resist negative energy. (rN+)
You are resistant to electric shocks. (rElec)
You are resistant to unholy torment.
You are immune to petrification.


Message History

The brown ugly thing is almost dead.
The brown ugly thing pecks you.
You are splashed with acid!
You barely miss the brown ugly thing.
The brown ugly thing is almost dead.
The brown ugly thing barely misses you.
You thump the brown ugly thing!
The brown ugly thing is almost dead.
You closely miss the brown ugly thing.
The brown ugly thing is almost dead.
You block the brown ugly thing's attack.
You barely miss the brown ugly thing.
The brown ugly thing is almost dead.
The brown ugly thing pecks you!
* * * LOW HITPOINT WARNING * * *
You are splashed with acid!
* * * LOW HITPOINT WARNING * * *
You barely miss the brown ugly thing.
The brown ugly thing is almost dead.
The brown ugly thing pecks you but does no damage.
You closely miss the brown ugly thing.
The brown ugly thing is almost dead.
The brown ugly thing barely misses you.
You barely miss the brown ugly thing.
The brown ugly thing is almost dead.
The brown ugly thing pecks you!
* * * LOW HITPOINT WARNING * * *
The acid corrodes you!
You are splashed with acid!
* * * LOW HITPOINT WARNING * * *
You feel better.
The brown ugly thing pecks you but does no damage.
You feel better.
You block the brown ugly thing's attack.
Okay, then.
You sock the brown ugly thing!
You kill the brown ugly thing!
Zin accepts your kill.
You barely miss the manticore. The manticore bites you!
* * * LOW HITPOINT WARNING * * *
The manticore claws you!
You die...

#†# # #.## #.
#..# #.#######..#
##..........# .
##.##..#.##..##
#H
#....#.#..#...#
#Y#####..####.#.#
..#...##@#..#.#
#.##.###H#.#.#
..#.........#.#
..# #.###H###.# #
... ... .#
##..#.## .
##.#.#? .. ..#.#'
.. #.#... ...


You could see a manticore.

Vanquished Creatures
  2 two-headed ogres
  A deep troll (D:8)
  Maurice (D:8)
  An ugly thing (D:10)
  Psyche (D:8)
  A troll (D:10)
  Prince Ribbit (D:6)
  A hornet (D:8)
  A centaur simulacrum (D:10)
  3 slime creatures (D:5)
  2 shadows
  A vampire (D:7)
  6 yaks
  6 vampire mosquitoes
  2 steam dragons (D:8)
  An acid dragon (D:9)
  4 sky beasts
  5 ice beasts
  3 centaurs
  An ogre (D:5)
  4 lemures (D:5)
  11 kobold brigands
  4 bullfrogs
  A gnoll sergeant (D:5)
  4 scorpions
  4 wights (D:6)
  7 killer bees
  6 jellies
  4 orc priests
  A gnoll bouda (D:8)
  Crazy Yiuf (D:6)
  2 sleepcaps
  An iguana (D:4)
  7 orc wizards
  8 gnolls
  6 adders
  A shadow imp (D:6)
  A white imp (D:7)
  A dart slug (D:1)
  34 orcs
  5 ball pythons
  5 endoplasms
  3 giant cockroaches
  6 goblins
  9 hobgoblins
  12 jackals
  7 quokkas
  3 bats
  25 kobolds
  3 rats
230 creatures vanquished.

Notes
Turn   | Place    | Note
-------+----------+-------------------------------------------
     0 | D:1      | Tovical the Gargoyle Fighter began the quest for the Orb.
     0 | D:1      | Reached XP level 1. HP: 14/14 MP: 1/1
   147 | D:1      | Found Yngoix's One-of-a-Kind Rings.
   204 | D:1      | Reached XP level 2. HP: 19/19 MP: 2/2
   379 | D:1      | Found a faded altar of an unknown god.
  1032 | D:2      | Identified the +6 leather armour of Forking Paths {Harm
                  | Rampage Str+2}
  1049 | D:2      | Reached skill level 3 in Maces & Flails
  1049 | D:2      | Reached XP level 3. HP: 19/24 MP: 3/3
  1101 | D:2      | Found a glowing silver altar of Zin.
  1111 | D:2      | Became a worshipper of Zin the Law-Giver
  1151 | D:2      | Reached * piety under Zin
  1646 | D:3      | Found a stormy altar of Qazlal.
  1684 | D:3      | Reached XP level 4. HP: 29/29 MP: 4/4
  1846 | D:3      | Reached skill level 1 in Invocations
  1933 | D:3      | Reached ** piety under Zin
  1972 | D:3      | Identified the +2 chain mail "Ahiawn" {rElec}
  2208 | D:5      | Entered Level 5 of the Dungeon
  2253 | D:5      | Noticed Pikel
  2254 | D:5      | Noticed a lemure
  2463 | D:4      | Found a hide-covered altar of Uskayaw.
  2465 | D:4      | Noticed a +0 hand axe
  2465 | D:4      | Noticed a +0 hand axe
  2682 | D:4      | Found a radiant altar of Vehumet.
  2710 | D:4      | Found a glowing golden altar of the Shining One.
  2733 | D:4      | Noticed a scorpion
  2752 | D:4      | Killed a scorpion
  2753 | D:4      | Reached XP level 5. HP: 34/34 MP: 4/6
  2888 | D:4      | Noticed a sky beast
  2933 | D:4      | Killed a sky beast
  2934 | D:4      | Reached skill level 4 in Maces & Flails
  2934 | D:4      | Reached XP level 6. HP: 16/40 MP: 7/7
  3035 | D:4      | Found Luiwnew's Antique Armour Shoppe.
  3645 | D:5      | Reached skill level 5 in Fighting
  3811 | D:5      | Found a staircase to the Ecumenical Temple.
  3817 | Temple   | Entered the Ecumenical Temple
  3845 | D:5      | Reached XP level 7. HP: 44/44 MP: 9/9
  3887 | D:5      | Found a glowing silver altar of Zin.
  3987 | D:4      | Bought a runed helmet for 195 gold pieces
  4305 | D:6      | Noticed Prince Ribbit
  4327 | D:6      | Killed Prince Ribbit
  4328 | D:6      | Reached skill level 5 in Armour
  4447 | D:6      | Reached skill level 5 in Maces & Flails
  4467 | D:6      | Reached XP level 8. HP: 51/51 MP: 11/11
  4667 | D:6      | Reached skill level 5 in Invocations
  4717 | D:6      | Found a basalt altar of Yredelemnul.
  4784 | D:6      | Reached *** piety under Zin
  5190 | D:6      | Found a runed translucent door.
  5191 | D:6      | Noticed Crazy Yiuf
  5197 | D:6      | Killed Crazy Yiuf
  5514 | D:7      | Noticed a vampire
  5620 | D:7      | Reached skill level 6 in Maces & Flails
  5652 | D:7      | Reached XP level 9. HP: 45/57 MP: 13/13
  5727 | D:7      | Reached skill level 7 in Maces & Flails
  5866 | D:8      | Noticed Psyche
  5898 | D:7      | Reached skill level 8 in Maces & Flails
  6197 | D:7      | Noticed a deep troll
  6198 | D:7      | Noticed a deep troll
  6199 | D:7      | Noticed a deep troll
  6207 | D:7      | Noticed a deep troll
  6236 | D:8      | Noticed Maurice
  6253 | D:8      | Maurice stole a +4 war axe of freezing
  6270 | D:8      | Something stole 122 gold
  6310 | D:8      | Killed Maurice
  6311 | D:8      | Reached skill level 9 in Maces & Flails
  6422 | D:8      | Noticed a two-headed ogre
  6437 | D:8      | Killed a two-headed ogre
  6438 | D:8      | Reached skill level 10 in Maces & Flails
  6438 | D:8      | Reached XP level 10. HP: 63/63 MP: 14/14
  6523 | D:8      | Reached **** piety under Zin
  6524 | D:8      | Reached skill level 11 in Maces & Flails
  6859 | D:8      | Reached skill level 12 in Maces & Flails
  6935 | D:8      | Killed Psyche
  7221 | D:8      | Reached skill level 13 in Maces & Flails
  7721 | D:8      | Killed a deep troll
  7722 | D:8      | Reached XP level 11. HP: 31/67 MP: 8/15
  8065 | D:5      | Found a blossoming altar of Fedhas.
  8065 | D:5      | Found an ornate altar of the Wu Jian Council.
  8065 | D:5      | Found a glowing golden altar of the Shining One.
  8065 | D:5      | Found a glowing silver altar of Zin.
  8065 | D:5      | Found an opulent altar of Gozag.
  8065 | D:5      | Found a bloodstained altar of Trog.
  8074 | D:5      | Reached skill level 14 in Maces & Flails
  8759 | D:7      | Found a sparkling altar of Nemelex Xobeh.
  8882 | D:10     | Entered Level 10 of the Dungeon
  9154 | D:10     | Reached ***** piety under Zin
  9175 | D:10     | Noticed a two-headed ogre
  9189 | D:10     | Killed a two-headed ogre
  9267 | D:10     | Noticed a manticore
  9379 | D:10     | Noticed a brown ugly thing
  9404 | D:10     | HP: 1/68 [acid (6)]
  9407 | D:10     | Killed a brown ugly thing
  9408 | D:10     | Slain by a manticore

Illustrated notes

Levels and vault maps discovered:
D:1:      kilobyte_arrival_exit_the_forest, layout_loops_cross,
          shapermc_ecumenical_altar_mp_ritualfount, nicolae_shop_unique_rings,
          minmay_misc_feat_tiny
D:2:      layout_basic, basic_altar
D:3:      layout_basic, mainiacjoe_overflow_cross_hatched
D:4:      layout_loops_corners, dancing_weapons_uskayaw,
          mainiacjoe_overflow_brackets, marbit_many_paths,
          kennysheep_windowed_goal
D:5:      cheibrodos_fertilizer, layout_basic, lemuel_doored_altar,
          minmay_temple_entry_wispy, uniq_pikel
D:6:      layout_basic, mainiacjoe_overflow_small_starburst,
          uniq_prince_ribbit1, uniq_crazy_yiuf_cottage
D:7:      layout_cave_pools, lemuel_coloured_pillars_altar, enter_bailey_2,
          hellmonk_guarded_unrand_vitality_bloodlust
D:8:      cheibrodos_fzero, layout_loops_corners, uniq_psyche, uniq_maurice
D:9:      layout_basic, roderic_batcave
D:10:     layout_irregular_city, mainiacjoe_overflow_chevrons,
          nicolae_hepliaklqana_ecumenical_no_more,
          grunt_lair_entry_orc_guard_hut, minmay_shattered_shrine
Temple:   hellmonk_temple_forest_ring

Skill      XL: |  1  2  3  4  5  6  7  8  9 10 11 |
---------------+----------------------------------+-----
Maces & Flails | 3 4 5 6 10 13 14 | 14.0
Fighting       | 4 5 7 8 |  8.1
Invocations    | 1 2 3 4 5 6 |  6.9
Armour         | 4 5 6 7 |  7.8
Shields        | |  3.3

Action                     |  1- 3 |  4- 6 |  7- 9 | 10-12 || total
---------------------------+-------+-------+-------+-------++-------
  Melee: Flail             |    86 |   202 |   275 |   477 ||  1040
         Dagger            |       |       |    37 |     5 ||    42
         War axe           |       |       |       |    24 ||    24
  Throw: Dart              |     4 |       |    13 |     5 ||    22
         Throwing net      |       |       |     1 |     3 ||     4
 Invoke: Vitalisation      |       |     1 |     2 |     1 ||     4
         Recite            |       |     2 |    11 |    12 ||    25
  Evoke: Wand              |       |       |       |     8 ||     8
    Use: Scroll            |       |    15 |     3 |     6 ||    24
         Potion            |       |     1 |     3 |     4 ||     8
   Stab: Held in net/web   |       |       |     1 |     1 ||     2
         Invisible         |       |       |       |     6 ||     6
         Distracted        |       |       |       |     1 ||     1
         Confused          |       |       |       |     1 ||     1
 Armour: Scale mail        |    69 |     6 |       |       ||    75
         Chain mail        |       |   127 |   212 |   267 ||   606
  Dodge: Dodged            |    49 |   142 |   186 |   220 ||   597
  Block: Buckler           |    14 |    33 |    88 |    67 ||   202
         Kite shield       |       |       |       |    21 ||    21
